AoeStats
← URUK HAI

Arabia

509692268Analyzed
1v1 RM · 6d ago on Sep 27, 2026· 38m 48s· 2 players
Game mode
Random Map
Map size
Tiny (2 player)
Population
200
Speed
Normal
Resources
Standard
Victory
Conquest
Starting age
Dark Age
Ending age
Imperial Age
RankedLock teamsTeams togetherTeam positionsShared explorationLock speedFull tech treeHidden civsTurbo modeCheats
Victory
Defeat
🇬🇧 Tatars · United Kingdom
674
+17
🇫🇷 Vikings · France
702
-17
SwaedOff245
0:44 Loom
13:29 Feudal Age
14:06 Town Watch
14:56 Wheelbarrow
19:40 Castle Age
18:03 Horse Collar
19:02 Double-Bit Axe
27:03 Wheelbarrow
27:57 Town Patrol
31:53 Imperial Age
30:47 Town Patrol
31:07 Hand Cart
30:52 Town Patrol
30:22 Elite Skirmisher
31:44 Forging
31:50 Padded Archer Armor
32:18 Fletching
33:08 Iron Casting
33:14 Conscription
35:37 Chemistry
34:18 Treadmill Crane
34:59 Bodkin Arrow
35:49 Bracer
URUK HAI
6:53 Loom
10:13 Feudal Age
12:59 Double-Bit Axe
19:36 Castle Age
17:53 Horse Collar
18:42 Scale Mail Armor
20:41 Bow Saw
20:37 Heavy Plow
20:46 Squires
20:24 Pikeman
21:19 Gold Mining
22:14 Stone Mining
24:13 Forging
33:17 Chieftains
33:56 Gold Shaft Mining
33:12 Elite Skirmisher
34:16 Ballistics
33:53 Murder Holes
38:19 Iron Casting
Connection lost

Rejoining the realm…

Still unreachable

The connection could not be restored.

Session expired

The server has moved on; the page needs a fresh start.